AoeStats
← 五花馬肉乾妹妹

Fortress

507445989Analyzed
4v4 RM · 12d ago on Sep 18, 2026· 63m 26s· 8 players
Game mode
Random Map
Map size
Huge
Population
200
Speed
Normal
Resources
Standard
Victory
Conquest
Starting age
Dark Age
Ending age
Imperial Age
RankedLock teamsTeams togetherTeam positionsShared explorationLock speedFull tech treeHidden civsTurbo modeCheats
Victory
Defeat
🇬🇧 Huns · United Kingdom
1488
+11
🇺🇸 Slavs · United States
1375
+15
🇦🇺 Spanish · Australia
1344
+17
🇳🇱 Saracens · Netherlands
1278
+20
🇮🇳 Romans · India
1513
-21
🇹🇼 Ethiopians · Taiwan
1386
-17
🇹🇼 Mongols · Taiwan
1386
-17
🇮🇳 Burmese · India
1147
-8
五花馬肉乾妹妹
7:15 Feudal Age
8:52 Loom
11:32 Castle Age
9:20 Double-Bit Axe
9:38 Horse Collar
13:08 Bow Saw
14:32 Wheelbarrow
17:56 Heavy Plow
24:55 Imperial Age
22:43 Hand Cart
22:35 Gold Mining
22:41 Stone Mining
23:32 Fletching
24:28 Bodkin Arrow
25:33 Gold Shaft Mining
25:02 Padded Archer Armor
25:24 Ballistics
25:45 Elite Mangudai
26:39 Bracer
27:43 Leather Archer Armor
28:38 Chemistry
28:02 Conscription
29:25 Bloodlines
29:18 Husbandry
28:59 Light Cavalry
29:50 Scale Barding Armor
29:55 Forging
30:25 Parthian Tactics
30:06 Thumb Ring
30:20 Hussar
35:49 Chain Barding Armor
36:04 Iron Casting
37:52 Hoardings
38:08 Masonry
38:09 Fortified Wall
52:09 Murder Holes
61:31 Caravan
jason613480918
3:34 Loom
7:43 Feudal Age
9:33 Double-Bit Axe
12:18 Castle Age
10:00 Horse Collar
13:16 Bow Saw
13:07 Heavy Plow
15:23 Wheelbarrow
16:01 Gold Mining
16:01 Stone Mining
21:17 Crossbowman
22:04 Fletching
22:54 Bodkin Arrow
27:14 Imperial Age
25:41 Gold Shaft Mining
26:15 Hand Cart
27:04 Squires
27:08 Scale Mail Armor
27:19 Forging
28:34 Chain Mail Armor
29:38 Iron Casting
30:26 Chemistry
30:33 Stone Shaft Mining
29:26 Halberdier
32:17 Blast Furnace
32:15 Conscription
32:50 Plate Mail Armor
33:31 Bracer
34:29 Padded Archer Armor
34:53 Arbalester
40:17 Leather Archer Armor
44:46 Ring Archer Armor
45:44 Ballistics
DrGameHer
8:21 Feudal Age
12:24 Castle Age
10:51 Horse Collar
14:02 Heavy Plow
14:44 Loom
23:47 Imperial Age
24:36 Imperial Age
23:46 Wheelbarrow
24:27 Scale Barding Armor
25:35 Chain Barding Armor
26:40 Forging
27:52 Plate Barding Armor
28:25 Iron Casting
27:52 Husbandry
27:13 Elite Battle Elephant
29:57 Bloodlines
31:23 Blast Furnace
32:59 Town Watch
35:48 Conscription
35:51 Fletching
37:32 Light Cavalry
38:19 Caravan
40:32 Bodkin Arrow
45:07 Bracer
46:00 Hussar
49:22 Crop Rotation
55:45 Capped Ram
62:38 Hand Cart
Harry
7:05 Feudal Age
10:46 Castle Age
8:47 Double-Bit Axe
9:11 Horse Collar
11:55 Bow Saw
14:35 Town Watch
14:47 Pikeman
19:22 Scale Mail Armor
20:08 Wheelbarrow
19:24 Loom
20:25 Heavy Plow
22:27 Forging
23:06 Hand Cart
26:53 Ballistics
26:50 Gold Mining
33:03 Imperial Age
30:50 Fletching
31:45 Squires
33:43 Ballistas
33:54 Masonry
34:01 Chain Mail Armor
34:21 Iron Casting
33:34 Heavy Scorpion
34:38 Conscription
33:44 Halberdier
34:43 Fortified Wall
35:35 Chemistry
35:06 Capped Ram
37:17 Comitatenses
38:18 Architecture
37:40 Siege Ram
38:51 Siege Engineers
39:59 Coinage
41:12 Caravan
41:45 Banking
48:18 Light Cavalry
49:10 Bloodlines
49:00 Husbandry
50:37 Bodkin Arrow
50:43 Padded Archer Armor
51:45 Blast Furnace
51:39 Scale Barding Armor
55:26 Chain Barding Armor
59:14 Plate Barding Armor
CORP_Catracho
8:28 Feudal Age
9:13 Loom
12:46 Castle Age
10:34 Double-Bit Axe
10:37 Horse Collar
15:04 Bow Saw
15:19 Heavy Plow
16:41 Wheelbarrow
19:17 Hand Cart
20:29 Town Watch
24:56 Imperial Age
23:18 Gold Mining
23:23 Stone Mining
25:02 Scale Barding Armor
25:31 Bloodlines
25:22 Husbandry
24:46 Pikeman
27:16 Chain Barding Armor
26:45 Elite Boyar
27:46 Conscription
27:39 Forging
29:06 Plate Barding Armor
30:19 Masonry
31:37 Iron Casting
30:45 Elite Skirmisher
31:47 Fletching
32:43 Bodkin Arrow
33:11 Ballistics
33:52 Chemistry
33:35 Light Cavalry
34:27 Padded Archer Armor
34:13 Hussar
35:31 Leather Archer Armor
36:17 Blast Furnace
36:56 Ring Archer Armor
46:50 Scale Mail Armor
49:36 Crop Rotation
50:36 Squires
50:57 Chain Mail Armor
56:00 Caravan
59:44 Halberdier
62:00 Plate Mail Armor
Stanislav
8:32 Feudal Age
9:23 Loom
12:05 Castle Age
10:00 Double-Bit Axe
10:18 Horse Collar
10:49 Gold Mining
12:08 Forging
12:07 Scale Barding Armor
13:28 Bloodlines
13:22 Husbandry
14:33 Bloodlines
17:36 Town Watch
21:31 Chain Barding Armor
23:05 Wheelbarrow
24:42 Hand Cart
25:31 Scale Mail Armor
26:08 Iron Casting
30:46 Imperial Age
29:16 Fletching
29:55 Bodkin Arrow
31:37 Ballistics
30:56 Elite Mameluke
32:41 Plate Barding Armor
33:34 Fortified Wall
34:25 Chemistry
34:55 Conscription
34:43 Caravan
36:03 Bow Saw
35:54 Heavy Plow
36:31 Gold Shaft Mining
35:49 Stone Mining
37:59 Siege Engineers
41:52 Masonry
42:19 Hoardings
42:28 Bimaristan
44:55 Blast Furnace
44:36 Murder Holes
45:22 Bracer
48:07 Counterweights
49:09 Treadmill Crane
49:14 Onager
50:40 Counterweights
51:22 Sanctity
52:37 Siege Onager
Humble Villager
8:51 Feudal Age
9:57 Double-Bit Axe
9:55 Horse Collar
12:50 Castle Age
11:00 Gold Mining
12:07 Scale Barding Armor
13:41 Bow Saw
13:33 Heavy Plow
18:50 Bloodlines
19:33 Chain Barding Armor
19:23 Husbandry
19:57 Forging
24:54 Loom
26:38 Iron Casting
31:40 Imperial Age
29:52 Fletching
30:40 Bodkin Arrow
30:46 Padded Archer Armor
31:44 Wheelbarrow
30:54 Town Watch
31:28 Thumb Ring
32:29 Bracer
32:59 Ballistics
33:33 Conscription
33:38 Leather Archer Armor
34:52 Parthian Tactics
35:47 Chemistry
35:46 Heavy Cavalry Archer
38:33 Plate Barding Armor
41:57 Blast Furnace
41:33 Hand Cart
40:52 Elite Tarkan
42:36 Caravan
44:16 Gold Shaft Mining
43:32 Light Cavalry
45:01 Hussar
50:47 Capped Ram
57:17 Atheism
57:16 Masonry
Celeborn
8:15 Feudal Age
11:59 Castle Age
9:57 Double-Bit Axe
10:40 Horse Collar
13:19 Bow Saw
13:12 Heavy Plow
17:35 Loom
19:00 Wheelbarrow
19:48 Gold Mining
19:51 Stone Mining
20:58 Hand Cart
22:29 Scale Barding Armor
22:35 Forging
26:03 Imperial Age
23:22 Town Watch
24:45 Chain Barding Armor
24:39 Bloodlines
26:33 Iron Casting
26:07 Cavalier
27:11 Conscription
27:13 Husbandry
28:08 Town Patrol
29:03 Plate Barding Armor
30:20 Two-Man Saw
30:37 Paladin
34:52 Masonry
35:45 Chemistry
34:57 Masonry
36:36 Blast Furnace
35:27 Fletching
35:49 Fortified Wall
35:49 Caravan
36:19 Coinage
35:52 Scale Mail Armor
37:29 Padded Archer Armor
38:02 Architecture
37:53 Ballistics
37:19 Arrowslits
37:17 Light Cavalry
40:27 Hoardings
41:50 Squires
41:35 Arson
42:08 Chain Mail Armor
42:08 Man-at-Arms
42:53 Long Swordsman
43:18 Gambesons
43:34 Two-Handed Swordsman
44:10 Arrowslits
44:58 Plate Mail Armor
44:23 Bodkin Arrow
44:44 Leather Archer Armor
44:30 Champion
47:37 Bracer
48:08 Ring Archer Armor
47:35 Murder Holes
48:01 Bombard Tower
48:36 Pikeman
48:40 Elite Skirmisher
50:44 Thumb Ring
60:58 Halberdier
62:14 Hussar
Connection lost

Rejoining the realm…

Still unreachable

The connection could not be restored.

Session expired

The server has moved on; the page needs a fresh start.